 Dungeon Crawl Stone Soup version 0.22-a0-558-gc224181 (webtiles) character file.

21 iamserjio the Magician (level 2, 0/18 HPs)
             Began as an Octopode Wanderer on June 27, 2018.
             Slain by a bat (1 damage)
             ... on level 2 of the Dungeon.
             The game lasted 00:01:39 (693 turns).

iamserjio the Magician (Octopode Wanderer)           Turns: 693, Time: 00:01:40

Health: 0/18       AC:  1    Str:  9    XL:     2   Next: 83%
Magic:  7/7        EV: 13    Int: 16    God:
Gold:   85         SH:  0    Dex: 11    Spells: 9/9 levels left

rFire    . . .     SeeInvis .   c - +0 dagger
rCold    . . .     Gourm    .   (no shield)
rNeg     . . .     Faith    .   (helmet restricted)
rPois    .         Spirit   .   (no amulet)
rElec    .         Reflect  .   (no ring)
rCorr    .         Harm     .   (no ring)
MR       .....                  (no ring)
Stlth    +++.......             (no ring)
HPRegen  0.06/turn              (no ring)
MPRegen  0.10/turn              (no ring)
                                (no ring)
                                (no ring)

@: no status effects
A: almost no armour, stealthy swim, amphibious, 8 rings, constrict 8, camouflage
1, gelatinous body 1
a: no special abilities


You were on level 2 of the Dungeon.
You were not hungry.

You visited 1 branch of the dungeon, and saw 2 of its levels.

You collected 85 gold pieces.

Inventory:

Hand Weapons
 c - a +0 dagger (weapon)
 j - a +0 whip of flaming
Missiles
 e - 42 stones (quivered)
Jewellery
 a - an uncursed ring of stealth {unknown}
 f - an uncursed ring of magical power {unknown}
Scrolls
 b - 2 scrolls of teleportation
 g - a scroll of magic mapping {unknown}
 i - a scroll of blinking {unknown}
 k - a scroll of identify {unknown}
Comestibles
 d - a ration


   Skills:
 + Level 0.9 Fighting
 * Level 1.5 Dodging
 + Level 2.2 Stealth
   Level 1.0 Shields
 - Level 4.0 Spellcasting
   Level 3.0 Necromancy
   Level 1.0 Air Magic


You had 9 spell levels left.
You didn't know any spells.
Your spell library contained the following spells:

 Spells                   Type           Power        Failure   Level  Hunger
 Magic Dart               Conj           #...         17%         1    None
 Conjure Flame            Conj/Fire      #.......     45%         3    ###....
 Slow                     Hex            #.......     26%         2    ##.....
 Mephitic Cloud           Conj/Pois/Air  #.......     41%         3    ###....
 Blink                    Tloc           N/A          26%         2    ##.....
 Call Imp                 Summ           #.......     26%         2    ##.....


Dungeon Overview and Level Annotations

Branches:
Dungeon (2/15)

Altars:


Innate Abilities, Weirdness & Mutations

You cannot wear most types of armour.
You are very stealthy in the water. (Stealth+)
You are amphibious.
You can wear up to eight rings at the same time.
You can use your tentacles to constrict eight enemies at once.
Your skin changes colour to match your surroundings (Stealth+).
Your rubbery body absorbs attacks. (AC +1, EV +1)


Message History

The goblin shoots a stone.
The stone hits you.
* * * LOW HITPOINT WARNING * * *
The bat hits you but does no damage.
The goblin unwields an uncursed hunting sling.
The goblin wields an uncursed dagger.
The goblin hits you with an uncursed dagger.
* * * LOW HITPOINT WARNING * * *
You see here 2 stones.
The bat closely misses you.
You see here 2 stones.
It was a potion of cancellation.
You feel magically purged. The bat barely misses you.
The goblin unwields an uncursed dagger.
The goblin wields an uncursed hunting sling.
The goblin shoots a stone.
The stone hits you but does no damage.
You aren't carrying any items that you can evoke.
Unknown command.
Okay, then.
A hobgoblin comes into view. It is wielding a club.
The bat hits you.
You die...

#### #.> # #
#.# .##g#
######b##.....
#...(@g......#
#.####<.......
#..####.# #).#
#..# ...# #.##
... #.#


You could see a hobgoblin (wandering), a goblin and a bat.

Vanquished Creatures
  A leopard gecko (D:1)
  A giant cockroach (D:1)
  5 goblins
  4 bats (D:1)
  2 frilled lizards (D:2)
  4 kobolds (D:1)
  3 rats (D:1)
20 creatures vanquished.

Notes
Turn   | Place    | Note
-------+----------+-------------------------------------------
     0 | D:1      | iamserjio the Octopode Wanderer began the quest for the Orb.
     0 | D:1      | iamserjio set off with: 2 scrolls of teleportation, a +0 dagger, a ration
     0 | D:1      | Reached XP level 1. HP: 11/11 MP: 5/5
   193 | D:1      | Reached skill level 1 in Dodging
   193 | D:1      | Reached XP level 2. HP: 14/18 MP: 7/7
   693 | D:2      | Slain by a bat

Vault maps used:
D:1:      eino_arrival_water_star
D:2:      lemuel_doored_altar

Skill      XL: |  1  2 |
---------------+-------+-----
Dodging        | 1 |  1.5
Stealth        | 2 |  2.2
Fighting       | |  0.9
Shields        | |  1.0
Spellcasting   | |  4.0
Necromancy     | |  3.0
Air Magic      | |  1.0

Action                   || total
-------------------------++-------
Melee: Dagger            ||    34
       Constrict         ||     8
       Tentacles         ||     6
  Use: Potion            ||     1
 Stab: Sleeping          ||     8
Armor: Skin              ||     3
Dodge: Dodged            ||    24

Table legend:
 A = Spawn XP
 B = Non-spawn XP
 C = Spawn XP percentage of total XP
 D = Spawn monster count
 E = Non-spawn monster count
 F = Spawn count percentage of total count
 G = Total turns spent on level
                    A         B        C        D         E        F      G
               +---------+---------+-------+---------+---------+-------+---------
         Total |       0 |      30 |   0.0 |       0 |      20 |   0.0 |   693
               +---------+---------+-------+---------+---------+-------+---------
           D:1 |       0 |      26 |   0.0 |       0 |      17 |   0.0 |   675
           D:2 |       0 |       4 |   0.0 |       0 |       3 |   0.0 |    18
               +---------+---------+-------+---------+---------+-------+---------
